 Dungeon Crawl Stone Soup version 0.29-a0-352-g0917bc69df (webtiles) character file.

Game seed: 1083679214349956614

299 Lekart the Slasher (level 6, -2/47 (55) HPs)
             Began as a Draconian Chaos Knight on Apr 24, 2022.
             Was a Plaything of Xom.
             Slain by Grinder (4 damage)
             ... on level 4 of the Dungeon.
             The game lasted 00:04:05 (3227 turns).

Lekart the Slasher (Draconian Chaos Knight)         Turns: 3227, Time: 00:04:06

HP:   -2/47 (55)    AC:  9    Str: 15    XL:     6   Next: 13%
MP:   6/6           EV: 13    Int: 12    God:    Xom [......]
Gold: 70            SH:  0    Dex: 12    Spells: 5/5 levels left

rFire   . . .      SeeInvis .   a - +0 falchion (chaos)
rCold   . . .      Faith    .   (no shield)
rNeg    . . .      Spirit   .   (body armour unavailable)
rPois   .          Reflect  .   (helmet restricted)
rElec   .          Harm     .   e - +1 cloak
rCorr   .          Rampage  .   (no gloves)
Will    .....                   (no boots)
Stlth   +.........              (no amulet)
HPRegen 0.15/turn               (no ring)
MPRegen 0.10/turn               (no ring)

@: slowed, heavily drained, invisible, very slow
A: AC +6, unfitting armour, cold-blooded, deterioration 1, screaming 1, shaggy
fur 1
a: Renounce Religion


You were on level 4 of the Dungeon.
You worshipped Xom.
You were a very special plaything of Xom.
You visited 1 branch of the dungeon, and saw 4 of its levels.

You collected 98 gold pieces.
You spent 28 gold pieces at shops.

Inventory:

Hand Weapons
 a - a +0 falchion of chaos (weapon)
Armour
 e - a +1 cloak (worn)
Scrolls
 c - 2 scrolls of silence
 d - a scroll of enchant armour
 f - 2 scrolls of identify
 g - 2 scrolls of fog
Potions
 j - a potion of flight
Miscellaneous
 b - a piece from Xom's chessboard (15/15) (quivered)


   Skills:
 + Level 4.8 Fighting
 + Level 5.2 Long Blades
 + Level 3.4 Dodging


You had 5 spell levels left.
You didn't know any spells.
Your spell library was empty.

Dungeon Overview and Level Annotations

Branches:
Dungeon (4/15)
 Temple: D:4-7

Altars:
Ru
Xom

Shops:
D:1 [(   D:2 ?

Annotations:
D:4 Grinder


Innate Abilities, Weirdness & Mutations

Your plain brown scales are hard. (AC +6)
You cannot fit into any form of body armour.
You are cold-blooded and may be slowed by cold attacks.
Your body sometimes deteriorates upon taking damage.
You occasionally shout uncontrollably at your foes.
You are covered in fur. (AC +1)


Message History

You writhe in agony.
* * * LOW HITPOINT WARNING * * *
The kobold hits you but does no damage.
You barely miss Grinder.
Grinder is lightly wounded.
The adder bites you but does no damage. The kobold barely misses you.
Grinder hits you but does no damage. The endoplasm misses you.
The kobold barely misses you.
You feel better. The adder closely misses you. The kobold barely misses you.
The kobold closely misses you. Grinder gestures at you.
You suddenly lose the ability to move!
The endoplasm barely misses you. The adder bites you but does no damage.
The kobold hits you with a +0 short sword.
* * * LOW HITPOINT WARNING * * *
Grinder hits you but does no damage.
The endoplasm hits you but does no damage.
The adder bites you but does no damage. The kobold hits you but does no damage.
Xom's power touches on a nearby monster.
The adder reforms as a javelin.
Grinder hits you but does no damage.
The kobold hits you but does no damage. x2
The endoplasm hits you but does no damage.
Grinder hits you.
* * * LOW HITPOINT WARNING * * *
You writhe in agony.
* * * LOW HITPOINT WARNING * * *
The kobold hits you but does no damage. x2
The endoplasm freezes you.
* * * LOW HITPOINT WARNING * * *
You feel yourself slow down.
You can move again.
Grinder says, "Don't move a muscle."
Grinder gestures at you.
You shrug off the repeated paralysis!
The kobold barely misses you. The endoplasm attacks as you move away!
The endoplasm closely misses you. Grinder hits you.
* * * LOW HITPOINT WARNING * * *
You writhe in agony.
You die...
Xom guffaws!

#................$
#.................
#.................
#.......()........
#...........!....#
#.........(.....##
##....$..KK........
##.......5J.........
.#........@..........
....##...#...........
......#.#...........
.#..###.#...........
##.#.............[.
#.........##########
...##>......#####......#
.)....†....)....#<.....#
......##.#.####.)......#


You could see Grinder (can't see you), an endoplasm and 2 kobolds.

Vanquished Creatures
  A vampire bat (D:3)
  Natasha (twice) (D:2)
  4 adders
  2 worms
  A dart slug (D:3)
  3 fire bats (D:3)
  An orc (D:3)
  2 spectral bats (D:3)
  9 ball pythons
  14 bats
  3 bat skeletons (D:3)
  A bat zombie (D:3)
  5 endoplasms
  2 giant cockroaches
  5 goblins
  6 hobgoblins
  9 kobolds
  A bat simulacrum (D:3)
  4 frilled lizards
  4 rats
79 creatures vanquished.

Vanquished Creatures (collateral kills)
  Natasha (D:2)
1 creature vanquished.

Grand Total: 80 creatures vanquished

Notes
Turn   | Place    | Note
-------+----------+-------------------------------------------
     0 | D:1      | Lekart the Draconian Chaos Knight began the quest for the
                  | Orb.
     0 | D:1      | Reached XP level 1. HP: 19/19 MP: 1/1
   101 | D:1      | Found Cikhlo Juxuro's Weapon Boutique.
   179 | D:1      | Reached XP level 2. HP: 24/26 MP: 2/2
   248 | D:1      | Found Fihayf's Antique Armour Shop.
   665 | D:1      | XOM: cloud trail
   897 | D:1      | Reached XP level 3. HP: 33/33 MP: 3/3
   970 | D:1      | Found a faded altar of an unknown god.
  1336 | D:2      | Found Delesyfe's Magic Scroll Emporium.
  1336 | D:2      | Noticed Natasha
  1336 | D:2      | XOM: 3-stop teleportation journey
  1346 | D:2      | XOM: enchant monster (good)
  1354 | D:2      | Killed Natasha
  1355 | D:2      | Reached skill level 4 in Long Blades
  1355 | D:2      | Reached XP level 4. HP: 36/40 MP: 4/4
  1358 | D:2      | Noticed Natasha
  1362 | D:2      | XOM: cast spell 'Summon Hydra'
  1364 | D:2      | Killed Natasha
  1395 | D:2      | XOM: divination: detect creatures
  1540 | D:2      | Bought a scroll of identify for 28 gold pieces
  1677 | D:2      | Noticed Natasha
  1683 | D:2      | Killed Natasha
  2105 | D:3      | Reached XP level 5. HP: 26/47 MP: 5/5
  2336 | D:3      | XOM: 6-stop teleportation journey
  2374 | D:3      | XOM: 1-stop teleportation journey
  2426 | D:3      | XOM: 1-stop teleportation journey
  2576 | D:3      | XOM: enchant monster (bad)
  2581 | D:3      | Reached skill level 5 in Long Blades
  2615 | D:3      | XOM: divination: detect items
  2646 | D:3      | XOM: scenery: create altars
  2722 | D:3      | XOM: cleaving
  2729 | D:3      | Reached XP level 6. HP: 51/55 MP: 6/6
  2898 | D:3      | Found a sacrificial altar of Ru.
  2948 | D:3      | XOM: give mutations
  2948 | D:3      | Gained mutation: Your body sometimes deteriorates upon
                  | taking damage. [Xom's mischief]
  2948 | D:3      | Gained mutation: You are covered in fur. (AC +1) [Xom's
                  | mischief]
  2948 | D:3      | Gained mutation: You occasionally shout uncontrollably at
                  | your foes. [Xom's mischief]
  3207 | D:4      | Noticed Grinder
  3209 | D:4      | Paralysed by Grinder for 6 turns
  3214 | D:4      | XOM: draining
  3221 | D:4      | Paralysed by Grinder for 4 turns
  3223 | D:4      | XOM: snakes to sticks
  3227 | D:4      | HP: 2/47 [Grinder (1)]
  3227 | D:4      | Slain by Grinder

Illustrated notes

Levels and vault maps discovered:
D:1:      saegor_arrival_simple_e, layout_loops_corners, serial_shops, shop,
          nicolae_square_shop, basic_ecumenical_altar
D:2:      layout_rooms, serial_shops, shop, uniq_natasha
D:3:      layout_loops_ring, nicolae_ru_the_path_less_chosen,
          kennysheep_another_room, goddamned_bats
D:4:      layout_rooms, nemelex_dance_club_becter, lemuel_round_altar,
          uniq_grinder

Skill      XL: |  1  2  3  4  5 |
---------------+----------------+-----
Fighting       | 4 |  4.8
Long Blades    | 4 5 |  5.2
Dodging        | 3 |  3.4

Action                   |  1- 3 |  4- 6 || total
-------------------------+-------+-------++-------
Melee: Falchion          |    84 |   137 ||   221
       Tailslap          |     6 |    11 ||    17
       Punch             |       |     1 ||     1
  Use: Scroll            |     3 |     4 ||     7
       Potion            |     3 |     2 ||     5
 Stab: Sleeping          |     1 |       ||     1
       Paralysed         |       |     1 ||     1
       Invisible         |       |     2 ||     2
Armor: Skin              |    30 |   121 ||   151
Dodge: Dodged            |    45 |   192 ||   237

Table legend: (Time is in decaauts)
 A = Elapsed time spent in this place.
 B = Non-inter-level travel time spent in this place.
 C = Inter-level travel time spent in this place.
 D = Time resting spent in this place.
 E = Time spent auto-exploring this place.
 F = Levels seen in this place.
 G = Mean time per level.
                   A        B        C        D        E       F      G
               +--------+--------+--------+--------+--------+-----+--------+
         Total |   3256 |   3148 |    108 |    474 |   2142 |   4 |  814.0 |
       Dungeon |   3256 |   3148 |    108 |    474 |   2142 |   4 |  814.0 |
               +--------+--------+--------+--------+--------+-----+--------+

Top non-repeatable levels by time:
     D:3: 1266 daAuts
     D:1: 1169 daAuts
     D:2: 762 daAuts
     D:4: 58 daAuts
